AoeStats
← Saarba

Arabia

507617300Analyzed
4v4 RM · 14d ago on Sep 19, 2026· 44m 46s· 8 players
Game mode
Random Map
Map size
Large (8 player)
Population
200
Speed
Normal
Resources
Standard
Victory
Conquest
Starting age
Dark Age
Ending age
Imperial Age
RankedLock teamsTeams togetherTeam positionsShared explorationLock speedFull tech treeHidden civsTurbo modeCheats
Victory
Defeat
🇨🇴 Chinese · Colombia
1398
+10
🇨🇴 Saracens · Colombia
1347
+12
🇨🇴 Magyars · Colombia
1254
+16
🇨🇴 Ethiopians · Colombia
1206
+18
🇺🇸 Huns · United States
1283
-15
🇧🇴 Spanish · Bolivia
1280
-15
🇹🇷 Magyars · Türkiye
1254
-14
🇹🇷 Franks · Türkiye
1204
-12
baha
10:05 Feudal Age
11:30 Loom
17:08 Scale Barding Armor
18:16 Forging
23:25 Castle Age
22:31 Gold Mining
22:28 Double-Bit Axe
24:42 Chain Barding Armor
37:57 Scale Mail Armor
39:04 Iron Casting
40:18 Chain Mail Armor
41:52 #83
42:08 Light Cavalry
42:50 Husbandry
DSLG | GORDA CACHONDA
8:11 Loom
13:05 Feudal Age
17:55 Castle Age
16:24 Double-Bit Axe
35:52 Wheelbarrow
35:16 Fletching
38:04 Padded Archer Armor
38:27 Pikeman
39:51 Forging
39:41 Scale Mail Armor
43:45 Imperial Age
43:23 Leather Archer Armor
43:20 Squires
43:56 Iron Casting
evertone
9:19 Feudal Age
9:49 Double-Bit Axe
9:45 Horse Collar
11:33 Loom
23:45 Castle Age
22:04 Fletching
22:30 Gold Mining
23:04 Padded Archer Armor
23:38 Bloodlines
25:24 Bodkin Arrow
26:23 Leather Archer Armor
28:09 Ballistics
29:32 Thumb Ring
30:00 Husbandry
31:07 Elite Skirmisher
40:21 Wheelbarrow
39:57 Bow Saw
39:49 Heavy Plow
hirax34
7:06 Loom
9:52 Feudal Age
10:24 Double-Bit Axe
22:44 Castle Age
20:54 Horse Collar
21:58 Gold Mining
22:52 Fletching
23:16 Bloodlines
24:11 Bow Saw
24:29 Padded Archer Armor
25:40 Bodkin Arrow
29:47 Husbandry
32:15 Leather Archer Armor
32:49 Elite Skirmisher
34:00 Thumb Ring
35:05 Ballistics
36:26 Heavy Plow
39:14 Wheelbarrow
40:47 Stone Mining
45:37 Imperial Age
45:02 Scale Barding Armor
Elfo Jhon
10:46 Loom
13:59 Feudal Age
15:13 Double-Bit Axe
22:51 Fletching
24:57 Wheelbarrow
27:39 Castle Age
28:26 Crossbowman
29:13 Thumb Ring
30:11 Crossbowman
40:21 Hand Cart
41:58 Bodkin Arrow
43:27 Bow Saw
43:22 Gold Mining
Saarba
8:45 Loom
10:54 Feudal Age
14:09 Bloodlines
15:24 Double-Bit Axe
16:01 Horse Collar
21:53 Wheelbarrow
25:54 Castle Age
24:48 Scale Barding Armor
25:51 Gold Mining
26:38 Husbandry
27:07 Chain Barding Armor
29:07 Bow Saw
31:22 Heavy Plow
31:59 Fletching
35:32 Bodkin Arrow
36:21 Devotion
38:16 Hand Cart
42:55 Imperial Age
42:11 Gold Shaft Mining
41:27 Stone Mining
43:02 Cavalier
44:36 Plate Barding Armor
Duwhite
0:35 Loom
9:43 Feudal Age
10:28 Double-Bit Axe
14:15 Fletching
17:24 Horse Collar
23:01 Castle Age
21:41 Padded Archer Armor
22:54 Wheelbarrow
23:02 Crossbowman
23:38 Bodkin Arrow
23:54 Gold Mining
25:34 Leather Archer Armor
26:05 Bow Saw
26:31 Bow Saw
30:07 Ballistics
42:47 Imperial Age
41:11 Gold Shaft Mining
41:25 Thumb Ring
43:50 Conscription
43:42 Bracer
44:50 Chemistry
43:42 Arbalester
Acreed21
1:12 Loom
7:05 Loom
9:23 Feudal Age
10:03 Double-Bit Axe
13:56 Town Watch
20:10 Castle Age
19:18 Scale Barding Armor
20:02 Forging
21:15 Bloodlines
22:28 Horse Collar
25:17 Bow Saw
29:19 Chain Barding Armor
32:26 Wheelbarrow
31:53 Husbandry
33:40 Iron Casting
35:17 Gold Mining
36:41 Stone Mining
40:44 Heavy Plow
42:38 Hand Cart
43:43 Town Patrol
43:49 Fletching
Connection lost

Rejoining the realm…

Still unreachable

The connection could not be restored.

Session expired

The server has moved on; the page needs a fresh start.